 Dungeon Crawl Stone Soup version 0.14.0-7-g2801ba0 (webtiles) character file.

325 Qrupt the Chopper (level 5, -7/38 HPs)
             Began as a Human Wanderer on Apr 13, 2014.
             Mangled by an orc warrior
             ... wielding a +1,+2 short sword
              (17 damage)
             ... on Level 4 of the Dungeon.
             The game lasted 00:13:12 (4843 turns).

Qrupt the Chopper (Human Wanderer)                  Turns: 4843, Time: 00:13:12

HP  -7/38        AC  5     Str 12      XL: 5   Next: 93%
MP   5/5         EV 10     Int 13      God:
Gold 143         SH  7     Dex 11 (13) Spells:  0 memorised,  4 levels left

rFire  . . .     SeeInvis +     a - +1 hand axe
rCold  + . .     Clarity  .     G - +1 leather armour "Plyts" {+Rage rC+ SInv}
rNeg   . . .     Conserve .     c - +0 buckler
rPois  .         rCorr    .     (no helmet)
rElec  .         rRot     .     (no cloak)
SustAb . .       Spirit   .     y - +0 pair of gloves
rMut   .         Warding  .     (no boots)
Saprov . . .     Stasis   .     (no amulet)
MR     .....                    (no ring)
                                (no ring)

@: about to teleport, not resistant to hostile enchantments, unstealthy
A: no striking features
a: Evoke Berserk Rage


You were on level 4 of the Dungeon.
You were not hungry.

You visited 1 branch of the dungeon, and saw 4 of its levels.

You collected 143 gold pieces.

Inventory:

Hand weapons
 a - a +1,+1 hand axe (weapon)
 b - a +0,+0 spear
 v - a cursed -3 blowgun
Missiles
 h - 26 darts (quivered)
 j - 11 darts of frost
 w - 13 poisoned needles
Armour
 c - a +0 buckler (worn)
 d - a +0 robe
 y - a +0 pair of gloves (worn)
 G - the +1 leather armour "Plyts" (worn) {+Rage rC+ SInv}
   (You found it on level 4 of the Dungeon)

   It protects you from cold.
   It enhances your eyesight.
   It lets you go berserk.
Comestibles
 f - 2 bread rations
Scrolls
 g - 2 scrolls of teleportation
 k - 3 scrolls of fog
 m - 3 scrolls of random uselessness {unknown}
 n - 2 scrolls of remove curse {unknown}
 o - a scroll of enchant weapon II {unknown}
 q - 7 scrolls of identify {unknown}
 u - a scroll of magic mapping {unknown}
 x - a scroll of recharging {unknown}
 z - a scroll of blinking {unknown}
 A - a scroll of enchant armour {unknown}
Jewellery
 i - an uncursed ring of protection from fire {unknown}
 l - an uncursed ring of wizardry {unknown}
 t - a +4 ring of dexterity {unknown}
 C - an uncursed ring of wizardry {unknown}
 D - an uncursed ring of protection from magic {unknown}
 F - an uncursed ring of sustain abilities {unknown}
Potions
 p - 3 potions of curing
 s - a potion of degeneration
 B - a potion of restore abilities {unknown}
 E - a potion of confusion {unknown}
Books
 r - a book of Death

   Spells                             Type                      Level
   Corpse Rot                         Necromancy                   2
   Sublimation of Blood               Necromancy                   2
   Agony                              Necromancy                   5
   Dispel Undead                      Necromancy                   5
   Excruciating Wounds                Charms/Necromancy            5
   Bolt of Draining                   Conjuration/Necromancy       5


   Skills:
 - Level 2.0 Fighting
   Level 2.0 Short Blades
 - Level 4.3 Axes
 - Level 3.0 Throwing
 - Level 2.0 Dodging
 - Level 1.0 Stealth
 - Level 1.0 Shields
 + Level 0.4 Evocations


You had 4 spell levels left.
You didn't know any spells.

Dungeon Overview and Level Annotations

Branches:
Dungeon (4/15)
 Temple: D:4-7

Altars:
Xom
The Shining One


Message History

The scroll dissolves into smoke.
It was a scroll of fog.
The orc warrior hits you with a short sword.
Drink which item? (? for menu, Esc to quit)
There was something very wrong with that liquid!
You feel clumsy.
It was a potion of degeneration.
The orc warrior hits you with a short sword!
* * * LOW HITPOINT WARNING * * *
The orc priest hits you with a morningstar.
* * * LOW HITPOINT WARNING * * *
Read which item? (? for menu, Esc to quit)
As you read the scroll labeled KAIPELOTAA, it crumbles to dust.
You hear a loud clanging noise!
It was a scroll of noise.
The orc warrior closely misses you. The orc priest misses you.
Read which item? (? for menu, Esc to quit)
As you read the scroll labeled CHEILO DUDUJY, it crumbles to dust.
You feel strangely unstable.
It was a scroll of teleportation.
The orc warrior hits you with a short sword!
You die...

###'###### #..(.....#
#........# #........#
#........# ##.########
#######...#
##§.§.§.#§§§#
A#._....§§@§+
##§.§.§.#§oo#
#######§§§# ##§#########
##+######## #....)....#
#.........# ###.......#
+.........# ###.......#
#.........####.+....>..#
#.........+....#.......#


You could see an orc warrior and an orc priest.

Vanquished Creatures
  A worker ant (D:4)
  6 adders
  3 worms
  An inept item mimic (D:2)
  A gnoll skeleton (D:4)
  A giant eyeball (D:4)
  4 giant geckos
  An ooze (D:3)
  An orc (D:3)
  A ball python (D:3)
  6 giant cockroaches
  9 hobgoblins
  2 quokkas (D:3)
  6 bats
  5 giant newts
  6 goblins
  14 kobolds
  10 rats
78 creatures vanquished.

Notes
Turn   | Place    | Note
--------------------------------------------------------------
     0 | D:1      | Qrupt, the Human Wanderer, began the quest for the Orb.
     0 | D:1      | Reached XP level 1. HP: 16/16 MP: 1/1
   317 | D:1      | Reached XP level 2. HP: 22/22 MP: 2/2
  1176 | D:1      | Reached XP level 3. HP: 2/27 MP: 3/3
  1675 | D:1      | Reached skill level 3 in Axes
  1993 | D:2      | Found a shimmering altar of Xom.
  1994 | D:2      | Found a shimmering altar of Xom.
  2081 | D:2      | Reached XP level 4. HP: 4/33 MP: 4/4
  2539 | D:2      | Found a shimmering altar of Xom.
  2540 | D:2      | Found a shimmering altar of Xom.
  2540 | D:2      | Found a shimmering altar of Xom.
  2556 | D:2      | You fall through a shaft for 2 floors!
  3221 | D:3      | Reached XP level 5. HP: 33/38 MP: 5/5
  4097 | D:3      | Reached skill level 4 in Axes
  4677 | D:4      | Got a smelly leather armour
  4684 | D:4      | Identified the +1 leather armour "Plyts" {+Rage rC+ SInv} (You found it on level 4 of the Dungeon)
  4743 | D:4      | Found a glowing golden altar of the Shining One.
  4744 | D:4      | Noticed an angel
  4751 | D:4      | Paralysed by a giant eyeball for 4 turns
  4761 | D:4      | Paralysed by a giant eyeball for 3 turns
  4808 | D:4      | Noticed an orc warrior
  4843 | D:4      | Mangled by an orc warrior

Action                   |  1- 3 |  4- 6 || total
-------------------------+-------+-------++-------
Melee: Hand axe          |   141 |   189 ||   330
Throw: Dart              |    21 |    19 ||    40
  Use: Potion            |     1 |     2 ||     3
       Scroll            |       |     3 ||     3
 Stab: Sleeping          |     1 |       ||     1
